Map: Acid Plant LE

Players

Serral - Winner!

  • Race: Zerg Zerg
  • League: Master
  • Spawn Location: 5:00

Bly

  • Race: Zerg Zerg
  • League: Master
  • Spawn Location: 11:00

Event: HomeStory Cup XVIII

VOD

Have the link to the VOD?

Description

Time

  • Played on: Nov. 23, 2018, 6:30 a.m.
  • Length: 9:45

All games in this series

Show
View Real Time Build Order
Export as new Build Order

Serral Zerg - Winner!

Build Orders: Hatch First 

Get SALT Encoding   

  12  0:00  Drone  
  13  0:12  Overlord  
  13  0:17  Drone  
  14  0:30  Drone x2  
  16  0:48  Hatchery  
  15  0:51  Drone  
  15  0:55  Drone  
  17  0:58  Drone  
  18  1:08  Extractor  
  17  1:14  Spawning Pool  
  17  1:16  Drone  
  17  1:20  Drone  
  18  1:28  Drone  
  19  1:38  Drone  
  20  1:50  Overlord  
  20  2:00  Queen x2  
  24  2:06  Drone x2  
  26  2:08  Metabolic Boost  
  26  2:11  Drone  
  26  2:12  Drone  
  28  2:22  Drone x2  
  30  2:34  Hatchery  
  30  2:36  Zergling x2  
  30  2:38  Zergling x2  
  31  2:45  Drone  
  31  2:46  Overlord  
  32  2:53  Drone  
  32  2:54  Drone  
  32  2:56  Queen  
  36  3:05  Overlord  
  36  3:07  Zergling x2  
  36  3:08  Zergling x2  
  36  3:09  Zergling x4  
  36  3:11  Zergling x2  
  41  3:15  Zergling x4  
  41  3:17  Zergling x2  
  44  3:24  Roach Warren  
  44  3:26  Zergling x2  
  44  3:29  Overlord  
  44  3:32  Drone  
  45  3:38  Drone x2  
  47  3:44  Drone x3  
  47  3:46  Drone x2  
  52  3:50  Drone  
  54  3:55  Drone x2  
  54  3:56  Drone  
  54  4:00  Overlord  
  56  4:12  Roach x3  
  56  4:15  Roach  
  65  4:17  Roach  
  65  4:20  Extractor  
  65  4:22  Roach  
  65  4:23  Evolution Chamber  
  65  4:25  Roach x3  
  65  4:30  Roach  
  65  4:31  Overlord  
  73  4:35  Overlord  
  73  4:42  Overlord  
  73  4:46  Overlord  
  73  4:50  Drone x4  
  73  4:51  Zerg Missile Weapons Level 1  
  73  4:52  Drone  
  78  4:56  Overlord, Drone  
  78  4:59  Extractor  
  78  5:02  Roach  
  78  5:05  Drone x2  
  78  5:06  Drone  
  83  5:07  Drone  
  83  5:10  Drone x2  
  88  5:14  Roach  
  88  5:17  Lair  
  88  5:24  Roach  
  88  5:26  Drone x2  
  88  5:27  Drone x2  
  88  5:28  Drone  
  92  5:32  Drone  
  92  5:33  Drone x3  
  95  5:35  Overlord  
  95  5:39  Drone x2  
  95  5:40  Drone x2  
  95  5:41  Drone  
  100  5:49  Roach x2  
  103  5:53  Extractor x2, Zergling x2  
  103  5:54  Zergling x10  
  107  5:58  Pneumatized Carapace  
  107  6:08  Ravager  
  107  6:09  Ravager  
  107  6:10  Ravager, Zergling x2  
  107  6:11  Zergling x14  
  113  6:21  Ravager  
  113  6:22  Drone x9  
  113  6:24  Drone  
  121  6:31  Overlord  
  117  6:38  Roach  
  117  6:39  Roach x3  
  117  6:40  Extractor, Roach  
  117  6:42  Hatchery  
  117  6:43  Roach  
  117  6:45  Roach  
  116  6:50  Roach  
  116  6:52  Roach x2  
  122  6:55  Roach x3  
  122  6:56  Roach  
  122  6:57  Overlord x2  
  129  7:01  Overlord  
  129  7:02  Overseer  
  129  7:03  Overlord  
  129  7:06  Zerg Missile Weapons Level 2  
  129  7:09  Hydralisk Den  
  128  7:26  Overlord  
  122  7:32  Ravager x2  
  122  7:33  Ravager  
  124  7:37  Roach x4  
  124  7:38  Roach x7  
  124  7:41  Queen  
  146  7:48  Drone  
  146  7:49  Drone x3  
  146  7:54  Grooved Spines  
  146  7:56  Hydralisk x4  
  154  8:00  Hydralisk  
  154  8:02  Hydralisk  
  158  8:05  Overlord  
  158  8:06  Overlord  
  158  8:07  Hydralisk  
  158  8:09  Roach x2  
  164  8:14  Roach x2  
  164  8:15  Roach x2  
  172  8:23  Queen  
  172  8:25  Drone x3  
  172  8:26  Roach  
  172  8:27  Roach  
  181  8:29  Overlord  
  181  8:32  Roach  
  181  8:33  Roach x3  
  181  8:34  Overseer  
  189  8:43  Roach  
  189  8:44  Ravager  
  189  8:48  Overlord  
  192  8:53  Overlord  
  192  9:00  Roach x7  
  200  9:08  Ravager x2  
  198  9:11  Extractor, Drone x3  
  196  9:19  Roach x5  
  190  9:24  Roach x6  
  187  9:40  Infestation Pit  
Show
View Real Time Build Order
Export as new Build Order

Bly Zerg 

Build Orders: Hatch First, Zergling Baneling 

Get SALT Encoding   

  12  0:01  Drone  
  13  0:12  Overlord  
  13  0:20  Drone  
  14  0:31  Drone  
  14  0:32  Drone  
  16  0:46  Drone  
  17  0:53  Hatchery  
  17  0:56  Drone  
  17  1:00  Drone  
  18  1:10  Extractor  
  17  1:15  Spawning Pool  
  16  1:19  Drone  
  16  1:22  Drone  
  18  1:27  Drone  
  19  1:38  Overlord  
  19  1:49  Drone  
  20  2:00  Drone  
  21  2:01  Queen  
  21  2:05  Queen, Drone  
  26  2:10  Drone  
  26  2:13  Metabolic Boost  
  27  2:16  Drone  
  27  2:21  Drone  
  29  2:27  Drone  
  30  2:33  Drone  
  31  2:38  Overlord  
  31  2:44  Hatchery  
  30  2:45  Drone  
  30  2:49  Baneling Nest  
  30  2:53  Overlord  
  30  2:58  Drone  
  30  3:02  Drone  
  32  3:07  Queen  
  34  3:13  Zergling x6  
  34  3:15  Zergling x2  
  34  3:18  Zergling x2  
  34  3:19  Zergling x2  
  40  3:22  Zergling x2  
  40  3:23  Zergling x2  
  42  3:29  Drone  
  42  3:30  Drone  
  42  3:32  Baneling  
  42  3:33  Baneling  
  44  3:34  Drone x2  
  44  3:36  Baneling x2  
  44  3:40  Zergling x4  
  48  3:42  Zergling x2  
  49  3:52  Zergling x2  
  49  3:53  Zergling x4  
  51  3:59  Zergling x8  
  51  4:00  Baneling x4  
  55  4:14  Drone x2  
  55  4:15  Overlord  
  57  4:30  Overlord x2  
  57  4:32  Overlord  
  57  4:35  Drone x5  
  62  4:38  Extractor  
  62  4:43  Drone x2  
  62  4:44  Drone  
  64  4:50  Drone x4  
  64  4:52  Lair  
  68  4:57  Drone x5  
  68  4:59  Extractor  
  72  5:02  Evolution Chamber  
  72  5:04  Drone  
  72  5:06  Roach Warren  
  68  5:16  Drone  
  68  5:17  Drone x3  
  68  5:18  Drone x3  
  74  5:25  Drone x4  
  74  5:26  Drone  
  78  5:29  Zerg Missile Weapons Level 1  
  78  5:35  Drone x5  
  81  5:36  Extractor  
  81  5:42  Overlord  
  81  5:49  Roach x4  
  89  5:54  Overlord  
  89  5:55  Overlord  
  89  5:57  Overlord  
  90  5:59  Baneling x5  
  89  6:09  Roach x3  
  89  6:10  Zergling x2  
  89  6:11  Zergling x10  
  94  6:20  Roach  
  94  6:21  Roach x2  
  94  6:25  Zergling x4  
  92  6:29  Zergling x2  
  85  6:34  Roach x5, Zergling x2  
  93  6:40  Roach x2  
  93  6:41  Queen  
  93  6:43  Zergling x2  
  93  6:50  Extractor  
  93  6:51  Roach Warren  
  93  6:52  Zergling x6  
  88  6:55  Spire  
  88  6:58  Drone  
  88  7:01  Drone  
  88  7:02  Drone  
  88  7:06  Queen  
  88  7:07  Drone  
  93  7:11  Overlord  
  93  7:13  Overlord  
  93  7:19  Drone  
  93  7:22  Overlord  
  93  7:33  Drone x3  
  93  7:35  Extractor  
  93  7:36  Extractor  
  94  7:38  Glial Reconstitution  
  94  7:40  Overlord  
  94  7:43  Drone x4  
  94  7:44  Drone  
  98  7:48  Hatchery  
  98  7:49  Drone  
  95  7:52  Hatchery  
  95  7:58  Drone x3  
  95  7:59  Drone x3  
  95  8:00  Roach x2  
  104  8:06  Roach x3  
  111  8:16  Evolution Chamber, Roach  
  111  8:17  Burrow  
  112  8:23  Roach x2  
  112  8:24  Ravager x4  
  112  8:25  Ravager, Roach x3  
  127  8:31  Roach x5  
  137  8:36  Roach x2  
  137  8:41  Roach x2  
  145  8:49  Overlord x2  
  139  9:07  Overlord x8  
  139  9:09  Roach x2  
  143  9:10  Ravager  
  142  9:22  Roach x4  
  127  9:26  Roach x3  
Tags
 
Add a new tag
Caveats
  • Supply blocks, unpowered buildings, or Contaminate may cause inaccurate times.
  • Supply counts are checked every 10 seconds.